 Dungeon Crawl Stone Soup version 0.28.0-1-gb440e238dd (webtiles) character file.

Game seed: 12004867559997050155

20 spaghetti the Caller (level 2, 0/17 HPs)
             Began as an Octopode Summoner on Feb 20, 2022.
             Was a Believer of Lugonu.
             Slain by a giant cockroach (2 damage)
             ... on level 2 of the Dungeon.
             The game lasted 00:01:52 (1599 turns).

spaghetti the Caller (Octopode Summoner)            Turns: 1599, Time: 00:01:54

Health: 0/17       AC:  1    Str:  7    XL:     2   Next: 79%
Magic:  3/5        EV: 13    Int: 17    God:    Lugonu [**....]
Gold:   32         SH:  0    Dex: 12    Spells: 4/5 levels left

rFire   . . .      SeeInvis .   b - +0 short sword
rCold   . . .      Faith    .   (no shield)
rNeg    . . .      Spirit   .   (helmet restricted)
rPois   .          Reflect  .   (no amulet)
rElec   .          Harm     .   (no ring)
rCorr   .          Rampage  .   (no ring)
Will    .....                   (no ring)
Stlth   +++.......              (no ring)
HPRegen 0.05/turn               (no ring)
MPRegen 0.09/turn               (no ring)
                                (no ring)
                                (no ring)

@: no status effects
A: almost no armour, amphibious, 8 rings, camouflage 1, gelatinous body 1,
(nimble swimmer 1), tentacles
a: Renounce Religion, Depart the Abyss, Bend Space


You were on level 2 of the Dungeon.
You worshipped Lugonu.
Lugonu was pleased with you.
You visited 1 branch of the dungeon, and saw 2 of its levels.

You collected 32 gold pieces.

Inventory:

Hand Weapons
 b - a +0 short sword (weapon)
Potions
 a - 2 potions of might {unknown}
 c - a potion of haste {unknown}


   Skills:
 + Level 3.2 Dodging
 - Level 2.6 Stealth
 - Level 2.0 Spellcasting
 - Level 4.0 Summonings


You had 4 spell levels left.
You knew the following spells:

 Your Spells              Type           Power      Damage    Failure   Level
a - Summon Small Mammal   Summ           60%        N/A       3%          1

Your spell library contained the following spells:

 Spells                   Type           Power      Damage    Failure   Level
 Call Imp                 Summ           15%        N/A       5%          2
 Call Canine Familiar     Summ           15%        N/A       11%         3
 Summon Guardian Golem    Hex/Summ       8%         N/A       26%         3
 Summon Lightning Spire   Summ/Air       8%         N/A       63%         4


Dungeon Overview and Level Annotations

Branches:
Dungeon (2/15)

Altars:
Lugonu


Innate Abilities, Weirdness & Mutations

You cannot wear most types of armour.
You are amphibious.
You can wear up to eight rings at the same time.
Your skin changes colour to match your surroundings (Stealth+).
Your rubbery body absorbs attacks. (AC +1, EV +1)
((You are camouflaged when in or above water. (Stealth+)))
You have tentacles for arms and can constrict up to eight enemies at once.


Message History

Your bat's corpse disappears in a puff of smoke!
The bat hits your bat but does no damage.
Your bat barely misses the bat.
The goblin unwields a +0 hunting sling.
The goblin wields a +0 club.
The goblin hits you with a +0 club.
You barely miss the goblin. Your grab misses the goblin.
Your bat hits the bat but does no damage.
The bat barely misses your bat. The goblin barely misses you.
The bat hits your bat but does no damage.
You completely miss the goblin. Your grab misses the goblin.
Your bat hits the bat but does no damage.
The bat barely misses your bat. The goblin completely misses you.
Casting: Summon Small Mammal (safe; 3% risk of failure)
Confirm with . or Enter, or press ? or * to list all spells.
The bat misses your bat.
Your bat misses the bat. The goblin hits you with a +0 club.
* * * LOW HITPOINT WARNING * * *
You hit the goblin. You grab the goblin. You squeeze the goblin.
You kill the goblin!
Lugonu accepts your kill.
Your bat closely misses the bat.
The bat hits your bat but does no damage.
Your bat closely misses the bat.
The giant cockroach barely misses you.
You completely miss the giant cockroach.
You grab the giant cockroach. You constrict the giant cockroach.
The bat hits your bat but does no damage.
Your bat barely misses the bat.
The bat hits your bat but does no damage.
The giant cockroach misses you.
You hit the giant cockroach.
The giant cockroach is severely wounded.
You constrict the giant cockroach, but do no damage.
The bat hits your bat but does no damage.
Your bat barely misses the bat.
The giant cockroach barely misses you.
You barely miss the giant cockroach.
The giant cockroach is severely wounded.
You constrict the giant cockroach, but do no damage.
The giant cockroach bites you.
* * * LOW HITPOINT WARNING * * *
The giant cockroach bites you.
You die...

##...##
##.##
#....
#..#
##...
##.##
##
####..#
#....##
#.####
#.###b#
#..†br#
#####@#
#B# #.#
#.# #.#
..# ###


You could see a giant cockroach (ally target), a bat, a friendly quokka
(summoned) and a friendly bat (summoned).

Vanquished Creatures
  3 endoplasms (D:1)
  5 goblins
  3 ball pythons (D:1)
  A frilled lizard (D:1)
  3 kobolds (D:1)
  2 rats
17 creatures vanquished.

Vanquished Creatures (collateral kills)
  An endoplasm (D:1)
1 creature vanquished.

Grand Total: 18 creatures vanquished

Notes
Turn   | Place    | Note
-------+----------+-------------------------------------------
     0 | D:1      | spaghetti the Octopode Summoner began the quest for the
                  | Orb.
     0 | D:1      | Reached XP level 1. HP: 11/11 MP: 3/3
   555 | D:1      | Reached XP level 2. HP: 16/17 MP: 1/5
   800 | D:1      | Found a faded altar of an unknown god.
   804 | D:1      | Prayed at the altar of an unknown god.
   804 | D:1      | Became a worshipper of Lugonu the Unformed
   804 | D:1      | Reached * piety under Lugonu
   804 | D:1      | Reached ** piety under Lugonu
  1599 | D:2      | Slain by a giant cockroach

Illustrated notes

Levels and vault maps discovered:
D:1:      lemuel_arrival_lava_pool, layout_loops_corners, serial_glass,
          glass_columns_a, glass_columns_c, minmay_strange_pillars,
          hellmonk_ecumenical_altar_heavens_door, feat_on_display
D:2:      layout_loops_ring, minmay_misc_feat_chi, kennysheep_cluttered_room,
          nicolae_figureground_sparkle, uniq_robin

Skill      XL: |  1  2 |
---------------+-------+-----
Dodging        | 3 |  3.2
Stealth        | |  2.6
Spellcasting   | |  2.0
Summonings     | |  4.0

Action                   || total
-------------------------++-------
Melee: Short sword       ||    33
       Tentacles         ||    10
       Unarmed           ||     4
       Constrict         ||     9
 Cast: Summon Small Mamm ||    21
  Use: Scroll            ||     1
 Stab: Sleeping          ||     3
Armor: Skin              ||     3
Dodge: Dodged            ||    28
